 Dungeon Crawl Stone Soup version 0.28-a0-178-ga708605c5b (webtiles) character file.

Game seed: 7522560031481755500

399 Spaninq the Slasher (level 6, 0/57 HPs)
             Began as a Naga Warper on Aug 17, 2021.
             Slain by Blork the orc (9 damage)
             ... on level 4 of the Dungeon.
             The game lasted 00:14:10 (5197 turns).

Spaninq the Slasher (Naga Warper)                   Turns: 5197, Time: 00:14:11

Health: 0/57       AC:  5    Str: 15    XL:     6   Next: 84%
Magic:  5/9        EV:  7    Int: 13    God:
Gold:   178        SH:  0    Dex: 11    Spells: 7/9 levels left

rFire   . . .      SeeInvis +   a - +0 falchion
rCold   . . .      Faith    .   (no shield)
rNeg    + . .      Spirit   .   g - +0 scale mail {rN+}
rPois   +          Reflect  .   (no helmet)
rElec   .          Harm     .   (no cloak)
rCorr   .          Rampage  .   (no gloves)
Will    .....                   (no barding)
Stlth   ..........              (no amulet)
HPRegen 0.19/turn               (no ring)
MPRegen 0.11/turn               (no ring)

@: very slightly contaminated, very slow
A: AC +2, large, see invisible, deformed body, poison resistance, slowness 2,
spit poison 1, naga tail 1
a: Spit Poison


You were on level 4 of the Dungeon.
You visited 1 branch of the dungeon, and saw 4 of its levels.

You collected 178 gold pieces.

Inventory:

Hand Weapons
 a - a +0 falchion (weapon)
Missiles
 d - 5 boomerangs of dispersal (quivered)
 j - 9 boomerangs
Armour
 g - a +0 scale mail of positive energy (worn)
 o - a +0 buckler
Jewellery
 i - a ring of flight
Scrolls
 b - a scroll of fear {unknown}
 c - 2 scrolls of blinking
 e - 3 scrolls of amnesia {unknown}
 f - a scroll of noise {unknown}
 k - 3 scrolls of identify {unknown}
 l - 2 scrolls of teleportation {unknown}


   Skills:
 + Level 4.1 Fighting
 * Level 5.5 Long Blades
 - Level 0.8 Throwing
 - Level 0.7 Armour
 - Level 1.5 Dodging
 + Level 1.5 Shields
 - Level 2.0 Spellcasting
 - Level 3.0 Translocations


You had 7 spell levels left.
You knew the following spells:

 Your Spells              Type           Power      Damage    Failure   Level
a - Blink                 Tloc           N/A        N/A       41%         2

Your spell library contained the following spells:

 Spells                   Type           Power      Damage    Failure   Level
 Gell's Gravitas          Tloc           4%         N/A       65%         3
 Lesser Beckoning         Tloc           4%         N/A       65%         3
 Teleport Other           Tloc           9%         N/A       65%         3
 Shock                    Conj/Air       4%         1d3       71%         1
 Passwall                 Tmut/Erth      0%         N/A       83%         2
 Ignite Poison            Fire/Tmut/Pois 1%         N/A       97%         3
 Mephitic Cloud           Conj/Pois/Air  1%         N/A       97%         3
 Swiftness                Air            1%         N/A       97%         3
 Airstrike                Air            0%         N/A       100%        4
 Bolt of Magma            Conj/Fire/Erth 0%         4d4       100%        5
 Manifold Assault         Tloc           9%         N/A       100%        5
 Invisibility             Hex            0%         N/A       100%        6


Dungeon Overview and Level Annotations

Branches:
Dungeon (4/15)
 Temple: D:4-7

Altars:
Gozag
Makhleb
Xom
Zin
The Shining One

Annotations:
D:4 Blork the orc, Dowan, Duvessa


Innate Abilities, Weirdness & Mutations

Your serpentine skin is tough. (AC +2)
You have supernaturally acute eyesight. (SInv)
Armour fits poorly on your strangely shaped body.
Your system is resistant to poisons. (rPois)
You cover ground very slowly.
You can spit poison.
You have a snake-like lower body.


Message History

The gnoll barely misses you.
Blork the orc screams, "I'm going to kill you!"
Blork the orc looks braver for a moment.
The gnoll hits you but does no damage.
You have got your breath back.
You kill the gnoll!
Blork the orc hits you but does no damage.
The gnoll hits you from afar with a +0 halberd!
The gnoll hits you from afar with a +0 spear.
Blork the orc casts a spell at you. The puff of frost hits you!
Casting: Blink (dangerous; 41% risk of failure)
Confirm with . or Enter, or press ? or * to list all spells.
You miscast Blink.
You are very lightly contaminated with residual magic.
Nothing appears to happen.
The gnoll barely misses you. Blork the orc barely misses you.
The gnoll hits you from afar with a +0 spear.
Casting: Blink (dangerous; 41% risk of failure)
Confirm with . or Enter, or press ? or * to list all spells.
You blink.
Blork the orc hits you from afar with a +0 halberd.
The gnoll hits you from afar with a +0 spear!
Blork the orc closely misses you.
Press: ? - help, Shift-Dir - straight line, f - Blork the orc
Aim: Blork the orc, wielding a +0 halberd and wearing a +0 robe (fast)
The splash of poison hits Blork the orc.
Blork the orc is poisoned.
Blork the orc is lightly wounded.
Blork the orc hits you from afar with a +0 halberd.
* * * LOW HITPOINT WARNING * * *
The gnoll hits you from afar with a +0 halberd.
* * * LOW HITPOINT WARNING * * *
The gnoll closely misses you.
Blork the orc hits you from afar with a +0 halberd.
* * * LOW HITPOINT WARNING * * *
The gnoll closely misses you.
You have got your breath back.
Blork the orc hits you from afar with a +0 halberd!
You die...

###o...#
#.'....#########
#.#.......#⌠...#
###.#.....####...#
#...#..<..#g..._.#
###.#.......##...#
#..........#⌠...#
#.#..###...######
##@.og..#......#
##...g..........#
#...............####
#..................#
#......)....##.....#
##..♣._.♣♣.###.....#
###♣♣♣♣.### #.....#
### #.....# #.....#


You could see Blork the orc (fast, poisoned) and 2 gnolls.

Vanquished Creatures
  A scorpion (D:3)
  A water moccasin skeleton (D:4)
  A hound (D:4)
  An orc priest (D:3)
  A centaur skeleton (D:4)
  2 iguanas (D:3)
  A hound skeleton (D:4)
  4 adders
  4 gnolls
  A worm (D:2)
  4 orcs
  4 ball pythons
  4 bats
  6 endoplasms
  5 giant cockroaches
  7 goblins
  3 hobgoblins
  2 jackals (D:3)
  5 kobolds
  2 frilled lizards (D:3)
  5 rats
64 creatures vanquished.

Notes
Turn   | Place    | Note
-------+----------+-------------------------------------------
     0 | D:1      | Spaninq the Naga Warper began the quest for the Orb.
     0 | D:1      | Reached XP level 1. HP: 19/19 MP: 3/3
   198 | D:1      | Reached XP level 2. HP: 21/26 MP: 5/5
   842 | D:2      | Learned a level 2 spell: Blink
  1149 | D:2      | Reached skill level 3 in Long Blades
  1259 | D:2      | Reached XP level 3. HP: 26/33 MP: 6/6
  2209 | D:3      | Reached XP level 4. HP: 10/40 MP: 4/7
  2563 | D:3      | Reached skill level 4 in Long Blades
  2563 | D:3      | Reached XP level 5. HP: 49/49 MP: 8/8
  2944 | D:3      | Found a burning altar of Makhleb.
  3759 | D:4      | Noticed Blork the orc
  3776 | D:4      | Reached XP level 6. HP: 36/57 MP: 9/9
  4050 | D:4      | Reached skill level 1 in Shields
  4059 | D:4      | Found a glowing golden altar of the Shining One.
  4068 | D:4      | Found a glowing silver altar of Zin.
  4100 | D:4      | Found an opulent altar of Gozag.
  4101 | D:4      | Found a shimmering altar of Xom.
  4168 | D:3      | Reached skill level 5 in Long Blades
  4711 | D:4      | Noticed Dowan
  5004 | D:4      | Noticed Duvessa
  5197 | D:4      | Slain by Blork the orc

Illustrated notes

Levels and vault maps discovered:
D:1:      mrwooster_arrival_statue, layout_loops_ring
D:2:      layout_loops_corners, serial_bayou_crossing
D:3:      layout_basic, mainiacjoe_overflow_six_doors_small
D:4:      layout_basic, kennysheep_orc_sif_temple, mainiacjoe_overflow_alcove_2,
          grunt_temple_overflow_open, zin_academy, minmay_misc_feat_alley,
          uniq_blork_the_orc, uniq_natasha, uniq_duvessa

Skill      XL: |  1  2  3  4  5  6 |
---------------+-------------------+-----
Long Blades    | 3 4 5 |  5.5
Fighting       | 3 4 |  4.1
Shields        | 1 |  1.5
Throwing       | |  0.8
Armour         | |  0.7
Dodging        | |  1.5
Spellcasting   | |  2.0
Translocations | |  3.0

Action                   |  1- 3 |  4- 6 || total
-------------------------+-------+-------++-------
Melee: Falchion          |    47 |    72 ||   119
 Cast: Blink             |     5 |     7 ||    12
 Abil: Spit Poison       |    44 |    47 ||    91
  Use: Potion            |       |     4 ||     4
 Stab: Invisible         |       |     1 ||     1
Armor: Leather armour    |     5 |     3 ||     8
       Scale mail        |       |    41 ||    41
       Skin              |       |    10 ||    10
Dodge: Dodged            |    22 |    49 ||    71
       Rpst.: Falchion   |     5 |    14 ||    19

Table legend: (Time is in decaauts)
 A = Elapsed time spent in this place.
 B = Non-inter-level travel time spent in this place.
 C = Inter-level travel time spent in this place.
 D = Time resting spent in this place.
 E = Time spent auto-exploring this place.
 F = Levels seen in this place.
 G = Mean time per level.
                   A        B        C        D        E       F      G
               +--------+--------+--------+--------+--------+-----+--------+
         Total |   6255 |   5970 |    285 |   1926 |   3138 |   4 | 1563.8 |
       Dungeon |   6255 |   5970 |    285 |   1926 |   3138 |   4 | 1563.8 |
               +--------+--------+--------+--------+--------+-----+--------+

Top non-repeatable levels by time:
     D:3: 2637 daAuts
     D:2: 1565 daAuts
     D:4: 1206 daAuts
     D:1: 846 daAuts
